 Dungeon Crawl Stone Soup version 0.17-a0-1-g1f4be75 (console) character file.

68379 Fusha the Thaumaturge (level 14, -1/56 HPs)
             Began as a Felid Air Elementalist on Mar 12, 2015.
             Was a High Priest of Vehumet.
             Slain by a trapdoor spider (18 damage)
             ... on level 11 of the Dungeon on Mar 13, 2015.
             The game lasted 03:36:02 (39702 turns).

Fusha the Thaumaturge (Felid Air Elementalist)     Turns: 39702, Time: 03:36:03

Health: -1/56      AC:  3    Str:  4    XL:     14   Next: 86%
Magic:  26/37      EV: 26    Int: 20    God:    Vehumet [*****.]
Gold:   1388       SH:  0    Dex: 18    Spells: 12 memorised, 2 levels left
                                        Lives:  0   Deaths: 4

rFire  . . .     SeeInvis +       - Unarmed
rCold  + + .     Clarity  .     (armour unavailable)
rNeg   . . .     SustAb   .     (shield unavailable)
rPois  .         Gourm    .     (helmet unavailable)
rElec  .         Spirit   .     (cloak unavailable)
rCorr  .         Warding  .     (gloves unavailable)
rMut   .         Stasis   .     (boots unavailable)
MR     ++...                    n - amulet of regeneration
Stlth  +++++.....               d - ring of wizardry
                                q - ring of protection from cold

@: lethally poisoned (-1 -> -7), repel missiles, quick, very resistant to
hostile enchantments, quite stealthy
A: paw claws, no armour, no weapons or thrown items, fangs 3, see invisible,
carnivore 3, speed 1, shaggy fur 3, slow metabolism 1, sharp paws
a: Renounce Religion


You were on level 11 of the Dungeon.
You worshipped Vehumet.
Vehumet was extremely pleased with you.
You were very full.

You visited 5 branches of the dungeon, and saw 26 of its levels.
You also visited: Sewer, Bailey and Volcano.

You collected 2634 gold pieces.
You spent 1246 gold pieces at shops.

Inventory:

Jewellery
 d - a ring of wizardry (right paw)
 f - an uncursed ring of fire
 n - an amulet of regeneration (around neck)
 q - a ring of protection from cold (left paw)
 C - the ring "Shym" {rF- MR++ Dex+5}
   (You found it on level 9 of the Dungeon)

   [ring of dexterity]

   It affects your dexterity (+5).
   It makes you vulnerable to fire.
   It affects your resistance to hostile enchantments.
 R - an uncursed ring of see invisible
 U - an uncursed amulet of stasis
Magical devices
 r - a wand of teleportation (6)
 t - a wand of digging (12)
 y - a wand of confusion (2)
 z - a wand of confusion (29)
 J - a wand of disintegration (3)
 O - a wand of flame (23)
 Q - a wand of paralysis (13)
Scrolls
 a - 6 scrolls of remove curse
 l - 7 scrolls of teleportation
 s - a scroll of torment {unknown}
 u - 3 scrolls of recharging
 D - a scroll of vulnerability
 I - a scroll of immolation
 W - a scroll of fog
 Y - 2 scrolls of blinking
 Z - a scroll of magic mapping
Potions
 e - 2 potions of cancellation
 g - a potion of haste
 k - a potion of lignification
 m - 6 potions of curing
 o - 2 potions of magic
 p - a potion of flight
 w - a potion of restore abilities
 E - 3 potions of heal wounds
 F - 3 potions of might
 K - a potion of berserk rage
 P - a potion of resistance
 X - a potion of ambrosia
Books
 b - a book of Air

   Spells                             Type                      Level
   a - Shock                          Conjuration/Air              1
   b - Swiftness                      Charms/Air                   2
   c - Repel Missiles                 Charms/Air                   2
   d - Flight                         Charms/Air                   3
   e - Static Discharge               Conjuration/Air              3
   f - Lightning Bolt                 Conjuration/Air              5
 i - a book of Conjurations

   Spells                             Type                      Level
   a - Magic Dart                     Conjuration                  1
   b - Searing Ray                    Conjuration                  2
   c - Dazzling Spray                 Conjuration/Hexes            3
   d - Fulminant Prism                Conjuration/Hexes            4
   e - Iskenderun's Mystic Blast      Conjuration                  4
   f - Iskenderun's Battlesphere      Conjuration/Charms           5
 A - a book of Fire

   Spells                             Type                      Level
   a - Ignite Poison                  Fire/Transmutation           5
   b - Fireball                       Conjuration/Fire             5
   c - Bolt of Fire                   Conjuration/Fire             6
   d - Delayed Fireball               Conjuration/Fire             7
   e - Ring of Flames                 Charms/Fire                  7
 B - a book of Enchantments

   Spells                             Type                      Level
   a - Tukima's Dance                 Hexes                        3
   b - Cause Fear                     Hexes                        4
   c - Silence                        Hexes/Air                    5
   d - Deflect Missiles               Charms/Air                   6
   e - Haste                          Charms                       6
   f - Discord                        Hexes                        8
 G - a book of Maledictions

   Spells                             Type                      Level
   a - Corona                         Hexes                        1
   b - Sure Blade                     Hexes/Charms                 2
   c - Ensorcelled Hibernation        Hexes/Ice                    2
   d - Confuse                        Hexes                        3
   e - Dazzling Spray                 Conjuration/Hexes            3
   f - Enslavement                    Hexes                        4
 H - a book of Transfigurations

   Spells                             Type                      Level
   a - Stoneskin                      Transmutation/Earth          2
   b - Irradiate                      Conjuration/Transmutation    5
   c - Statue Form                    Transmutation/Earth          6
   d - Hydra Form                     Transmutation                6
   e - Dragon Form                    Transmutation                7
 S - a book of Flames

   Spells                             Type                      Level
   a - Flame Tongue                   Conjuration/Fire             1
   b - Throw Flame                    Conjuration/Fire             2
   c - Conjure Flame                  Conjuration/Fire             3
   d - Inner Flame                    Hexes/Fire                   3
   e - Sticky Flame                   Conjuration/Fire             4
   f - Fireball                       Conjuration/Fire             5
Miscellaneous
 j - a disc of storms
 v - a sack of spiders {used: 6}
 L - a plain deck of wonders
 M - a sack of spiders
 N - a phantom mirror
 T - an ornate deck of summoning {drawn: 1}
 V - a box of beasts
Comestibles
 c - 10 meat rations
 h - 4 slices of pizza
 x - 4 beef jerkies


   Skills:
 + Level 3.7 Fighting
 + Level 10.1 Dodging
 + Level 9.6 Stealth
 + Level 2.8 Unarmed Combat
 + Level 14.1 Spellcasting
 + Level 11.6 Conjurations
 + Level 14.0 Hexes
 + Level 3.6 Charms
 + Level 0.1 Fire Magic
 - Level 2.0 Ice Magic
 + Level 9.7 Air Magic
 + Level 1.9 Evocations


You had 2 spell levels left.
You knew the following spells:

 Your Spells              Type           Power        Failure   Level  Hunger
a - Shock                 Conj/Air       ####         1%          1    None
b - Repel Missiles        Chrm/Air       #####.       1%          2    None
c - Lightning Bolt        Conj/Air       ######....   1%          5    ###....
d - Iskenderun's Battles  Conj/Chrm      #####...     1%          5    ###....
e - Tukima's Dance        Hex            ######..     1%          3    None
f - Dazzling Spray        Conj/Hex       ######..     1%          3    None
g - Ensorcelled Hibernat  Hex/Ice        #####.       1%          2    None
h - Confuse               Hex            ######..     1%          3    None
i - Fulminant Prism       Conj/Hex       ######....   1%          4    None
j - Enslavement           Hex            ######..     1%          4    None
k - Iskenderun's Mystic   Conj           ######..     1%          4    None
l - Inner Flame           Hex/Fire       #####...     1%          3    None


Dungeon Overview and Level Annotations

Branches:
Dungeon (12/15)            Temple (1/1) D:6            Lair (8/8) D:10
 Shoals (0/5) Lair:4       Spider (0/5) Lair:5        Slime (0/6) Lair:7
    Orc (4/4) D:9             Elf (1/3) Orc:4

Altars:
Ashenzari
Cheibriados
Dithmenos
Elyvilon
Fedhas
Gozag
Kikubaaqudgha
Makhleb
Nemelex Xobeh
Okawaru
Qazlal
Ru
Sif Muna
Trog
Vehumet
Xom
Yredelemnul
Zin
The Shining One
Beogh

Shops:
D:5 *   D:8 :   D:10 [   Orc:2 }   Orc:3 %(}?   Orc:4 [::[

Annotations:
Lair:6 exclusion: oklob plant


Innate Abilities, Weirdness & Mutations

You cannot wear armour.
You are incapable of wielding weapons or throwing items.
You have razor-sharp teeth.
You have supernaturally acute eyesight.
You are carnivorous and can eat meat at any time.
You cover ground quickly.
Your thick and shaggy fur keeps you warm (AC +3, rC+).
You have a slow metabolism.
Your paws have sharp claws that are effective at stabbing.


Message History

Confirm with . or Enter, or press ? or * to list all spells.
Aiming: Iskenderun's Mystic Blast
Press: ? - help, Shift-Dir - straight line, f/p - trapdoor spider
Aim: a trapdoor spider (lightly wounded)
The orb of energy hits the trapdoor spider.
The trapdoor spider is lightly wounded.
The orb of energy explodes!
The mystic blast hits the orc.
You kill the orc!
Vehumet accepts your kill.
You feel your power returning.
You feel sick.
The trapdoor spider completely misses you.
The trapdoor spider bites you! The orc wizard completely misses you.
Casting: Iskenderun's Mystic Blast
Confirm with . or Enter, or press ? or * to list all spells.
Aiming: Iskenderun's Mystic Blast
Press: ? - help, Shift-Dir - straight line, f/p - trapdoor spider
Aim: a trapdoor spider (lightly wounded)
The orb of energy misses the trapdoor spider.
You feel sick. The trapdoor spider bites you!!
You die...

.....#########.#########.........
###..#########.#########.########
###......................########
.................................
........######...#######..#######
........# #...# #..# ........#
#...# #†.# ........# #.o.# #..#
........# #..@#######..#######
........######.))s...............
.................................
...........................<.....
.................................
../..............................
.....)...........................
.................................
.................................


You could see a trapdoor spider and an orc wizard.

Vanquished Creatures
  Snorg (Lair:5)
  An ettin (Orc:3)
  5 hydras
  A catoblepas (Lair:6)
  2 death yaks
  2 ogre magi (Orc:4)
  Nergalle (Lair:4)
  3 deep trolls
  A deep elf summoner (Orc:4)
  Pikel (D:7)
  A lindwurm (Volcano)
  2 orc knights
  2 hill giants (Orc:4)
  An ugly thing (D:11)
  3 cyclopes
  Joseph (D:8)
  19 elephants
  6 black mambas
  A gargoyle (D:11)
  11 spiny frogs
  7 komodo dragons
  A molten gargoyle (Volcano)
  5 fire drakes
  12 trolls
  A giant leech (Lair:8)
  2 polar bears
  A slime creature (Lair:7)
  A jumping spider (Lair:5)
  4 fire vortices (Volcano)
  26 blink frogs
  Prince Ribbit (D:5)
  A harpy skeleton (D:11)
  6 two-headed ogres (Orc:4)
  2 basilisks
  A snapping turtle (Lair:4)
  A spriggan (Lair:2)
  4 fire elementals (Volcano)
  A wyvern (Lair:3)
  37 yaks
  Eustachio (D:8)
  A deep elf mage (Orc:4)
  4 deep elf fighters
  A hungry ghost (D:11)
  Grum (D:11)
  7 hippogriffs
  2 vampire mosquitoes (Lair:8)
  A shadow (D:9)
  7 wolves
  A warg (Orc:4)
  Menkaure (D:5)
  7 porcupines
  10 water moccasins
  21 orc warriors
  The ghost of ZiggyStardust the Magician, an average SpIE (D:4)
  A necrophage (D:11)
  22 ogres
  A wasp (Bailey)
  2 black bears
  2 phantoms
  An ice beast (D:9)
  4 slaves (D:7)
  9 centaurs
  24 crocodiles
  24 giant frogs
  Blork the orc (D:8)
  A gnoll sergeant (D:10)
  4 scorpions
  3 wights (D:11)
  4 electric eels
  9 killer bees
  4 crimson imps
  2 centaur zombies
  2 giant frog skeletons (D:4)
  A giant frog zombie (D:6)
  17 orc priests
  5 jellies
  3 hounds
  11 iguanas
  3 centaur skeletons
  21 orc wizards
  6 worker ants
  A spectral orc (Lair:4)
  A quasit (D:8)
  8 sheep
  2 hound skeletons
  18 gnolls
  A worker ant zombie (D:5)
  86 river rats
  22 adders
  A shadow imp (D:5)
  3 worms
  An ufetubus (D:8)
  3 giant geckos
  6 oozes
  149 orcs
  5 ball pythons
  26 bats
  2 giant cockroaches
  17 hobgoblins
  2 jackals
  10 quokkas
  6 giant newts
  A giant spore (D:10)
  20 goblins
  19 kobolds
  25 rats
  7 fungi
  2 plants
876 creatures vanquished.

Vanquished Creatures (collateral kills)
  Maud (Lair:6)
  An orc knight (Bailey)
  A griffon (Lair:4)
  4 elephants
  A troll (Orc:2)
  A molten gargoyle (Volcano)
  3 two-headed ogres (Orc:2)
  An ogre (Orc:2)
  4 orc warriors (Bailey)
  2 centaurs (Lair:5)
  A wasp (Bailey)
  2 giant frogs (Lair:8)
  A killer bee (D:10)
  3 river rats (Lair:8)
  An orc (Orc:2)
27 creatures vanquished.

Vanquished Creatures (others)
  Snorg (Lair:5)
  A komodo dragon (Lair:4)
  A molten gargoyle (Volcano)
  An elephant (Lair:6)
  A gargoyle (Volcano)
  A troll (Orc:2)
  A vampire mosquito (Lair:8)
  A water moccasin (Lair:8)
  A porcupine (Lair:6)
  3 spiders (Volcano)
  4 wasps (Bailey)
  A killer bee (D:10)
  An ogre (Orc:2)
  61 fulminant prisms
  A giant mite (Volcano)
  18 fungi
  15 plants
113 creatures vanquished.

Grand Total: 1016 creatures vanquished

Notes
Turn   | Place    | Note
--------------------------------------------------------------
     0 | D:1      | Fusha, the Felid Air Elementalist, began the quest for the Orb.
     0 | D:1      | Reached XP level 1. HP: 7/7 MP: 4/4
   351 | D:1      | Reached skill level 3 in Air Magic
   432 | D:1      | Reached XP level 2. HP: 11/11 MP: 2/5
   436 | D:1      | Learned a level 2 spell: Repel Missiles
   563 | D:1      | Reached skill level 1 in Conjurations
  1318 | D:1      | Reached XP level 3. HP: 14/14 MP: 6/8
  2545 | D:3      | Reached XP level 4. HP: 18/18 MP: 1/11
  3005 | D:3      | Found a glowing golden altar of the Shining One.
  3421 | D:3      | Reached XP level 5. HP: 21/21 MP: 11/13
  3831 | D:4      | Noticed ZiggyStardust's ghost (average SpIE)
  3840 | D:4      | Killed ZiggyStardust's ghost
  3840 | D:4      | Reached skill level 4 in Air Magic
  3840 | D:4      | Gained mutation: You are covered in thick fur (AC +2). [growing up]
  3840 | D:4      | Reached XP level 6. HP: 23/25 MP: 13/17
  3847 | D:4      | Learned a level 5 spell: Lightning Bolt
  4061 | D:4      | Noticed an ogre
  4067 | D:4      | Killed an ogre
  4636 | D:4      | Reached skill level 1 in Fighting
  4636 | D:4      | Reached XP level 7. HP: 24/28 MP: 12/19
  4697 | D:5      | Entered Level 5 of the Dungeon
  4703 | D:5      | Found Ylaozemm's General Store.
  4708 | D:5      | Noticed Menkaure
  4730 | D:5      | Noticed Prince Ribbit
  4752 | D:5      | Found a glowing drain.
  4767 | D:5      | HP: 1/28 [Prince Ribbit (10)]
  4768 | D:5      | Demolished by Prince Ribbit
  4769 | D:5      | Reached XP level 6. HP: -14/25 MP: 18/18
  4843 | Sewer    | Entered a sewer
  6205 | D:6      | Reached XP level 7. HP: 11/28 MP: 12/20
  6713 | D:6      | Reached skill level 5 in Dodging
  6713 | D:6      | Reached skill level 5 in Air Magic
  6914 | D:6      | Reached skill level 5 in Spellcasting
  7023 | D:6      | Reached XP level 8. HP: 33/33 MP: 18/22
  7075 | D:6      | Found a staircase to the Ecumenical Temple.
  7343 | D:7      | You fall through a shaft for 3 floors!
  7343 | D:10     | Entered Level 10 of the Dungeon
  8286 | D:7      | Noticed Pikel
  8464 | D:7      | Killed Pikel
  8464 | D:7      | Reached skill level 5 in Conjurations
  8464 | D:7      | Reached skill level 1 in Evocations
  8860 | D:8      | Noticed a troll
  8862 | D:8      | Noticed Blork the orc
  9072 | D:8      | Killed Blork the orc
  9072 | D:8      | Reached skill level 6 in Dodging
  9102 | D:8      | Noticed Joseph
  9244 | D:8      | Slain by an orc warrior
  9245 | D:8      | Reached XP level 7. HP: -1/30 MP: 15/22
  9361 | D:8      | Noticed Eustachio
  9442 | D:8      | Killed Eustachio
  9442 | D:8      | Reached XP level 8. HP: 33/33 MP: 11/24
  9588 | D:8      | Found Sypraop's Book Shop.
  9747 | Temple   | Entered the Ecumenical Temple
  9801 | Temple   | Became a worshipper of Vehumet
  9911 | D:8      | Killed Joseph
 10390 | D:9      | Got a wavering silver ring
 10392 | D:9      | Identified the ring "Shym" {rF- MR++ Dex+5} (You found it on level 9 of the Dungeon)
 10506 | D:9      | Reached skill level 1 in Unarmed Combat
 10506 | D:9      | Reached XP level 9. HP: 29/37 MP: 15/26
 10523 | D:9      | Reached skill level 7 in Dodging
 10696 | D:9      | Reached skill level 5 in Stealth
 10726 | D:9      | Acquired Vehumet's first power
 10726 | D:9      | Offered knowledge of Magic Dart by Vehumet.
 11423 | D:9      | Found a staircase to the Orcish Mines.
 11525 | D:9      | Found a roughly hewn altar of Beogh.
 11579 | D:10     | Noticed a centaur skeleton
 11599 | D:10     | Killed a centaur skeleton
 11870 | D:10     | Offered knowledge of Throw Flame by Vehumet.
 12128 | D:9      | HP: 1/37 [yak (11)]
 12183 | D:9      | Reached XP level 10. HP: 29/40 MP: 24/28
 12364 | Orc:1    | Entered Level 1 of the Orcish Mines
 12513 | D:10     | Found Clarham's Armour Boutique.
 12518 | D:10     | Noticed a troll
 12568 | D:10     | Killed a troll
 12568 | D:10     | Reached skill level 8 in Dodging
 12848 | D:10     | Noticed a cyclops
 12863 | D:10     | Killed a cyclops
 12957 | D:10     | Learned a level 2 spell: Throw Flame
 12975 | D:10     | Offered knowledge of Searing Ray by Vehumet.
 12979 | D:10     | Learned a level 2 spell: Searing Ray
 13123 | D:10     | Found a staircase to the Lair.
 13297 | D:10     | Learned a level 3 spell: Dazzling Spray
 13300 | D:10     | Learned a level 2 spell: Ensorcelled Hibernation
 13304 | D:10     | Learned a level 3 spell: Confuse
 13309 | D:10     | Noticed a hill giant
 13882 | D:10     | Acquired Vehumet's second power
 13962 | Lair:1   | Entered Level 1 of the Lair of Beasts
 14609 | Lair:1   | Reached skill level 9 in Spellcasting
 14744 | Lair:1   | Reached skill level 1 in Hexes
 14835 | Lair:1   | Reached XP level 11. HP: 35/44 MP: 23/30
 14967 | Lair:1   | Offered knowledge of Fulminant Prism by Vehumet.
 14973 | Lair:1   | Learned a level 4 spell: Fulminant Prism
 16979 | Lair:3   | Learned a level 4 spell: Enslavement
 17022 | Lair:3   | Acquired Vehumet's third power
 17234 | Lair:3   | Offered knowledge of Bolt of Magma by Vehumet.
 17532 | Lair:3   | Reached skill level 10 in Spellcasting
 18104 | Lair:3   | Reached skill level 5 in Hexes
 18459 | Lair:4   | Offered knowledge of Poison Arrow by Vehumet.
 18479 | Lair:4   | Noticed Nergalle
 18629 | Lair:4   | Noticed a death yak
 19281 | Lair:4   | Noticed Snorg
 19320 | Lair:5   | Snorg (ally) was killed
 19320 | Lair:5   | Your ally died
 19570 | Lair:4   | Gained mutation: You passively map a small area around you. [potion of mutation]
 19570 | Lair:4   | Gained mutation: Your spells are a little harder to cast, but a little more powerful. [potion of mutation]
 19570 | Lair:4   | Gained mutation: You are frail (-10% HP). [potion of mutation]
 19571 | Lair:4   | Lost mutation: Your spells are a little harder to cast, but a little more powerful. [potion of cure mutation]
 19571 | Lair:4   | Lost mutation: You are frail (-10% HP). [potion of cure mutation]
 19571 | Lair:4   | Lost mutation: You passively map a small area around you. [potion of cure mutation]
 20207 | Lair:4   | Gained mutation: Your thick and shaggy fur keeps you warm (AC +3, rC+). [growing up]
 20207 | Lair:4   | Reached XP level 12. HP: 48/48 MP: 20/32
 20366 | Lair:4   | Found a staircase to the Shoals.
 21122 | Lair:5   | Noticed a six-headed hydra
 21310 | Lair:5   | Learned a level 4 spell: Iskenderun's Mystic Blast
 21454 | Lair:5   | Killed Snorg
 21596 | Lair:5   | Found a hole to the Spider Nest.
 21676 | Lair:5   | Killed a six-headed hydra
 21860 | Lair:5   | Found a white marble altar of Elyvilon.
 22342 | Lair:6   | You fall through a shaft for 2 floors!
 22342 | Lair:8   | Entered Level 8 of the Lair of Beasts
 22379 | Lair:8   | Offered knowledge of Airstrike by Vehumet.
 22384 | Lair:8   | Noticed a seven-headed hydra
 22402 | Lair:8   | Noticed a catoblepas
 22402 | Lair:8   | Noticed a six-headed hydra
 22406 | Lair:8   | Mangled by a catoblepas
 22407 | Lair:8   | Reached XP level 11. HP: -6/45 MP: 29/32
 22555 | Lair:7   | Got a glittering jade ring
 22557 | Lair:7   | Identified the ring of Conformity {-Cast +Fly rN++ Str+2 SInv} (You found it on level 7 of the Lair of Beasts)
 22583 | Lair:7   | Reached skill level 11 in Spellcasting
 22675 | Lair:7   | Noticed a seven-headed hydra
 23000 | Lair:6   | Noticed a catoblepas
 23815 | Lair:6   | Killed a catoblepas
 23815 | Lair:6   | Reached skill level 1 in Ice Magic
 23913 | Lair:6   | Reached XP level 12. HP: 48/48 MP: 1/33
 24052 | Lair:6   | Noticed Maud
 24115 | Lair:6   | Killed Maud
 25240 | Lair:6   | Reached skill level 10 in Hexes
 25630 | Lair:7   | Killed a seven-headed hydra
 25911 | Lair:7   | Found a staircase to the Slime Pits.
 26076 | Lair:7   | Noticed an eight-headed hydra
 26385 | Lair:7   | Reached skill level 12 in Spellcasting
 26393 | Lair:7   | Learned a level 5 spell: Iskenderun's Battlesphere
 26406 | Lair:7   | Offered knowledge of Poisonous Cloud by Vehumet.
 26728 | Lair:7   | Killed an eight-headed hydra
 27060 | Lair:8   | Reached skill level 10 in Conjurations
 27256 | Lair:8   | Noticed a five-headed hydra
 27259 | Lair:8   | Killed a five-headed hydra
 27288 | Lair:8   | Reached skill level 1 in Charms
 27417 | Lair:8   | Reached XP level 13. HP: 31/52 MP: 23/35
 27645 | Lair:8   | Slain by a blink frog
 27646 | Lair:8   | Reached XP level 12. HP: 0/48 MP: 16/34
 29036 | Lair:8   | Learned a level 3 spell: Tukima's Dance
 29042 | Lair:8   | Noticed a seven-headed hydra
 29050 | Lair:8   | Killed a seven-headed hydra
 29327 | Lair:8   | Reached skill level 13 in Spellcasting
 30346 | Lair:4   | Killed Nergalle
 30457 | Lair:4   | Killed a death yak
 31149 | D:5      | Killed Menkaure
 31154 | D:5      | Bought a phantom mirror for 390 gold pieces
 31369 | D:5      | Killed Prince Ribbit
 31822 | Orc:2    | Found Wiac's Gadget Shoppe.
 31831 | Orc:2    | Bought a disc of storms for 260 gold pieces
 31868 | Orc:2    | Found a dark tunnel.
 31884 | Volcano  | Entered a volcano
 31913 | Volcano  | Reached XP level 13. HP: 28/52 MP: 12/36
 33455 | Orc:2    | Found a roughly hewn altar of Beogh.
 33487 | Orc:2    | Reached skill level 10 in Dodging
 33779 | Orc:2    | Learned a level 3 spell: Inner Flame
 33842 | Orc:2    | Offered knowledge of Conjure Ball Lightning by Vehumet.
 34115 | Orc:3    | Found Awetaat's Gadget Shop.
 34125 | Orc:3    | Bought an ornate deck of summoning for 320 gold pieces
 34169 | Orc:3    | Found Uphamu Puyd's Magic Scroll Boutique.
 34178 | Orc:3    | Found a flagged portal.
 34231 | Bailey   | Entered a bailey
 34730 | Orc:3    | Bought a scroll of blinking for 90 gold pieces
 34730 | Orc:3    | Bought a scroll of blinking for 90 gold pieces
 34730 | Orc:3    | Bought a scroll of identify for 24 gold pieces
 34730 | Orc:3    | Bought a scroll of identify for 24 gold pieces
 34730 | Orc:3    | Bought a scroll of identify for 24 gold pieces
 34730 | Orc:3    | Bought a scroll of identify for 24 gold pieces
 34732 | Orc:3    | Reached XP level 14. HP: 55/55 MP: 36/36
 34957 | Orc:3    | Found Gufo's Weapon Shop.
 35016 | Orc:3    | Found Khyuptol's Food Shoppe.
 35823 | Orc:4    | Entered Level 4 of the Orcish Mines
 36361 | Orc:4    | Found Zith's Antique Armour Shoppe.
 36997 | Orc:4    | Reached skill level 14 in Hexes
 37432 | Orc:4    | Found Sacoureb's Book Boutique.
 37440 | Orc:4    | Found Schelucism's Book Boutique.
 37442 | Orc:4    | Found Che Smas' Antique Armour Shop.
 37460 | Orc:4    | Offered knowledge of Freezing Cloud by Vehumet.
 37603 | Orc:4    | Found a staircase to the Elven Halls.
 37690 | Elf:1    | Entered Level 1 of the Elven Halls
 39223 | D:11     | Noticed Grum
 39224 | D:11     | Killed Grum
 39702 | D:11     | Slain by a trapdoor spider

Action                   |  1- 3 |  4- 6 |  7- 9 | 10-12 | 13-15 || total
-------------------------+-------+-------+-------+-------+-------++-------
Melee: Unarmed           |    16 |     5 |    50 |   407 |    22 ||   500
 Cast: Shock             |    99 |   241 |   435 |  1018 |   246 ||  2039
       Repel Missiles    |       |       |     2 |     1 |     1 ||     4
       Lightning Bolt    |       |       |    14 |    36 |    13 ||    63
       Confuse           |       |       |       |   212 |     7 ||   219
       Fulminant Prism   |       |       |       |    55 |     6 ||    61
       Iskenderun's Myst |       |       |       |   201 |   177 ||   378
       Ensorcelled Hiber |       |       |       |    63 |    10 ||    73
       Enslavement       |       |       |       |    25 |    16 ||    41
       Dazzling Spray    |       |       |       |    13 |       ||    13
       Searing Ray       |       |       |       |     1 |       ||     1
       Iskenderun's Batt |       |       |       |    35 |    58 ||    93
       Inner Flame       |       |       |       |       |     1 ||     1
Evoke: Wand              |       |       |     9 |     4 |     1 ||    14
       Phantom mirror    |       |       |       |     1 |       ||     1
       Sack of spiders   |       |       |       |     3 |     4 ||     7
       Deck              |       |       |       |       |     1 ||     1
  Use: Scroll            |     4 |     4 |     6 |    20 |     6 ||    40
       Potion            |       |     5 |     3 |     4 |     2 ||    14
 Stab: Sleeping          |       |     3 |     1 |    30 |     7 ||    41
       Distracted        |       |       |     1 |       |       ||     1
       Confused          |       |       |       |    47 |     3 ||    50
       Invisible         |       |       |       |     2 |       ||     2
  Eat: Chunk             |    11 |    12 |    21 |    67 |    25 ||   136
